 Dungeon Crawl Stone Soup version 0.16-a0-326-g6f2d4d4 (webtiles) character file.

208 PolkaDot the Caller (level 5, -2/52 HPs)
             Began as a Vampire Summoner on Sept 3, 2014.
             Slain by a gnoll
             ... wielding a +0 whip
              (6 damage)
             ... on Level 4 of the Dungeon.
             The game lasted 00:10:48 (3092 turns).

PolkaDot the Caller (Vampire Summoner)              Turns: 3092, Time: 00:10:48

HP  -2/52        AC  5     Str 12      XL: 5   Next: 55%
MP   2/9         EV 12     Int 18      God:
Gold 189         SH  0     Dex 10      Spells:  3 memorised,  2 levels left

rFire  . . .     SeeInvis +     d - +3 short sword "Syetwyxy" {slice, +Rage Dex-4 SInv}
rCold  . . .     Clarity  .     a - +0 robe
rNeg   . . .     rCorr    .     (no shield)
rPois  .         rRot     .     k - +0 helmet
rElec  .         Spirit   .     (no cloak)
SustAb .         Warding  .     f - +1 pair of gloves
rMut   .         Stasis   .     (no boots)
Gourm  .                        (no amulet)
MR     .....                    (no ring)
                                (no ring)

@: berserking, regenerating quickly, slowed, not resistant to hostile
enchantments, extremely unstealthy
A: fangs 3, see invisible, unbreathing
a: Evoke Berserk Rage


You were on level 4 of the Dungeon.
You were very full.

You visited 1 branch of the dungeon, and saw 4 of its levels.

You collected 189 gold pieces.

Inventory:

Hand weapons
 c - a +0 dagger
 d - the +3 short sword "Syetwyxy" (weapon) {slice, +Rage Dex-4 SInv}
   (You found it on level 4 of the Dungeon)

   It inflicts extra damage upon your enemies.
   It affects your dexterity (-4).
   It enhances your eyesight.
   It lets you go berserk.
Armour
 a - a +0 robe (worn)
 f - a +1 pair of gloves (worn)
 k - a +0 helmet (worn)
Scrolls
 p - 3 scrolls of remove curse
Potions
 h - 2 potions of brilliance
 m - a potion of restore abilities
Books
 b - a book of Callings

   Spells                             Type                      Level
   *Summon Small Mammal               Summoning                    1
   *Call Imp                          Summoning                    2
   *Call Canine Familiar              Summoning                    3
   Summon Guardian Golem              Hexes/Summoning              4
   Summon Lightning Spire             Summoning/Air                4
   Summon Ice Beast                   Ice/Summoning                4


   Skills:
 - Level 2.1 Dodging
 - Level 3.0 Stealth
 + Level 2.3 Spellcasting
 * Level 6.7 Summonings


You had 2 spell levels left.
You knew the following spells:

 Your Spells              Type           Power        Failure   Level  Hunger
a - Summon Small Mammal   Summ           ####         1%          1    #......
d - Call Canine Familiar  Summ           ####....     3%          3    ###....
s - Call Imp              Summ           ####....     1%          2    ##.....


Dungeon Overview and Level Annotations

Branches:
Dungeon (4/15)
 Temple: D:4-7

Altars:
Cheibriados
Makhleb
Nemelex Xobeh
Qazlal
Trog


Innate Abilities, Weirdness & Mutations

Your natural rate of healing is unusually fast.
You have razor-sharp teeth.
You have supernaturally acute eyesight.
You can survive without breathing.


Message History

Adjust (i)tems, (s)pells, or (a)bilities?
Adjust which ability?
No such ability.
Adjust (i)tems, (s)pells, or (a)bilities?
Adjust which ability? f - Evoke Berserk Rage Adjust to which letter?
Moving to: r - Evoke Berserk Rage Use which ability? (? or * to list)
You fail to use your ability.
The jackal bites you.
* * * LOW HITPOINT WARNING * * *
Your hound closely misses the jackal.
The gnoll hits you with a whip.
* * * LOW HITPOINT WARNING * * *
The jackal bites you but does no damage.
Your hound closely misses the jackal.
The jackal closely misses you.
Use which ability? (? or * to list)
A red film seems to cover your vision as you go berserk!
You feel yourself moving faster!
You feel mighty!
Your hound bites the jackal.
The gnoll hits you with a whip.
You die...

## #####. ..... ..##
### ##... ..... ..#
#....###+###.... #.#
#@h.....#... #.#
##gh...###..##.#
##...##.##[.#.#
.###+###.###'###..<###
......................
...S...........###.##.
############..##..##.
#..##.###. ........5.


You could see a gnoll, a jackal and a friendly hound.

Vanquished Creatures
  An orc wizard (D:3)
  Natasha (D:4)
  2 adders (D:3)
  An ooze (D:3)
  4 orcs (D:3)
  4 bats
  3 giant cockroaches
  5 hobgoblins
  6 jackals
  A ball python (D:3)
  2 giant geckos
  3 giant newts
  6 goblins
  4 kobolds
  16 rats
59 creatures vanquished.

Vanquished Creatures (collateral kills)
  An ogre (D:3)
  2 orc priests (D:3)
  Natasha (D:4)
  An adder (D:3)
  A giant gecko (D:3)
  An ooze (D:1)
  7 orcs (D:3)
  2 giant cockroaches (D:3)
  A goblin (D:3)
  A hobgoblin (D:3)
  2 kobolds (D:1)
  A bat (D:1)
  An orc zombie (D:4)
  A rat (D:3)
23 creatures vanquished.

Vanquished Creatures (others)
  3 hounds (D:4)
3 creatures vanquished.

Grand Total: 85 creatures vanquished

Notes
Turn   | Place    | Note
--------------------------------------------------------------
     0 | D:1      | PolkaDot, the Vampire Summoner, began the quest for the Orb.
     0 | D:1      | Reached XP level 1. HP: 13/13 MP: 3/3
   238 | D:1      | Reached XP level 2. HP: 16/19 MP: 4/4
   245 | D:1      | Learned a level 2 spell: Call Imp
  1012 | D:2      | Found a snail-covered altar of Cheibriados.
  1012 | D:2      | Found a bloodstained altar of Trog.
  1012 | D:2      | Found a sparkling altar of Nemelex Xobeh.
  1114 | D:2      | Reached skill level 5 in Summonings
  1160 | D:2      | Reached XP level 3. HP: 24/24 MP: 6/6
  1165 | D:2      | Learned a level 3 spell: Call Canine Familiar
  1559 | D:2      | Found a stormy altar of Qazlal.
  1912 | D:3      | Reached XP level 4. HP: 30/30 MP: 1/7
  2124 | D:3      | Reached skill level 6 in Summonings
  2406 | D:3      | Noticed an ogre
  2414 | D:3      | Killed an ogre
  2414 | D:3      | Reached XP level 5. HP: 35/35 MP: 0/9
  3011 | D:4      | Noticed Natasha
  3021 | D:4      | Killed Natasha
  3044 | D:4      | Noticed Natasha
  3044 | D:4      | Found a burning altar of Makhleb.
  3087 | D:4      | Killed Natasha
  3089 | D:4      | Got an encrusted short sword
  3090 | D:4      | Identified the +3 short sword "Syetwyxy" {slice, +Rage Dex-4 SInv} (You found it on level 4 of the Dungeon)
  3092 | D:4      | Slain by a gnoll

Action                   |  1- 3 |  4- 6 || total
-------------------------+-------+-------++-------
Melee: Dagger            |   168 |    88 ||   256
       Unarmed           |    12 |       ||    12
 Cast: Summon Small Mamm |     6 |       ||     6
       Call Imp          |     3 |     5 ||     8
       Call Canine Famil |     1 |    10 ||    11
 Abil: Evoke Berserk Rag |       |     1 ||     1
  Use: Potion            |     1 |     5 ||     6
       Scroll            |       |    10 ||    10
 Stab: Sleeping          |     8 |     2 ||    10
       Distracted        |     1 |     2 ||     3
  Eat: Corpse            |    17 |    11 ||    28
